 Dungeon Crawl Stone Soup version 0.28.0-45-g0d030f2227 (webtiles) character file.

Game seed: 11111643479861883763

55711 Elsvaer the Devastator (level 14, -28/86 HPs)
             Began as a Deep Elf Earth Elementalist on Apr 17, 2022.
             Was an Elder of Vehumet.
             Annihilated by a +7 executioner's axe "Xigh" {chaos, rElec rC+ Str+3 Int+4} (43 damage)
             ... on level 6 of the Lair of Beasts.
             The game lasted 00:40:10 (31046 turns).

Elsvaer the Devastator (DEEE)                      Turns: 31046, Time: 00:40:11

Health: -28/86     AC: 14    Str:  3    XL:     14   Next: 39%
Magic:  34/44      EV: 14    Int: 35    God:    Vehumet [****..]
Gold:   1865       SH:  7    Dex: 17    Spells: 27/43 levels left

rFire   . . .      SeeInvis .   v - +9 hand axe "Akoi" {protect, Str-2 Int+9 Dex+2}
rCold   . . .      Faith    .   C - +2 buckler
rNeg    . . .      Spirit   .   x - +0 steam dragon scales
rPois   .          Reflect  .   n - +1 helmet
rElec   .          Harm     .   r - +0 cloak
rCorr   .          Rampage  .   A - +1 pair of gloves
Will    +....                   (no boots)
Stlth   ++........              l - amulet of the acrobat
HPRegen 0.24/turn               s - +4 ring of protection
MPRegen 0.29/turn               K - ring of magical power

@: about to teleport
A: subdued magic 1
a: Renounce Religion


You were on level 6 of the Lair of Beasts.
You worshipped Vehumet.
Vehumet was greatly pleased with you.
You visited 3 branches of the dungeon, and saw 18 of its levels.
You also visited: Bailey.

You collected 1865 gold pieces.

Inventory:

Hand Weapons
 c - a +1 morningstar of flaming
 v - the +9 hand axe "Akoi" (weapon) {protect, Str-2 Int+9 Dex+2}
   (You found it on level 6 of the Dungeon)

   It grants its wielder temporary protection when it strikes (+7 to AC).
   Str:       It affects your strength (-2).
   Int:       It affects your intelligence (+9).
   Dex:       It affects your dexterity (+2).
Missiles
 i - 282 stones
 w - 7 throwing nets
Armour
 n - a +1 helmet (worn)
 r - a +0 cloak (worn)
 x - +0 steam dragon scales (worn)
 A - a +1 pair of gloves (worn)
 C - a +2 buckler (worn)
Jewellery
 h - the ring of Hocicrol {rF- rC++ AC+4 Slay+4 SInv}
   (You acquired it on level 5 of the Dungeon)

   [ring of protection]

   AC:        It affects your AC (+4).
   Slay:      It affects your accuracy & damage with ranged weapons and melee
   (+4).
   rF:        It makes you vulnerable to fire.
   rC:        It greatly protects you from cold.
   SInv:      It lets you see invisible.
 j - a ring of resist corrosion
 l - an amulet of the acrobat (around neck)
 o - an amulet of faith
 s - a +4 ring of protection (left hand)
 G - the ring of Ixare {Fly Will- Str+6}
   (You took it off a gnoll shaman in a bailey)

   [ring of flight]

   Str:       It affects your strength (+6).
   Fly:       It grants you flight.
   Will:      It decreases your willpower.
 H - a +6 ring of strength
 K - a ring of magical power (right hand)
 N - a +4 ring of protection
 T - the ring of Sovereignty {rC+ Str+6 Int-3 Dex+4 Slay+5}
   (You found it on level 6 of the Lair of Beasts)

   [ring of strength]

   Str:       It affects your strength (+6).
   Int:       It affects your intelligence (-3).
   Dex:       It affects your dexterity (+4).
   Slay:      It affects your accuracy & damage with ranged weapons and melee
   (+5).
   rC:        It protects you from cold.
Wands
 d - a wand of iceblast (9)
 y - a wand of flame (36)
 P - a wand of acid (2)
 Q - a wand of digging (5)
Scrolls
 b - a scroll of fear
 e - a scroll of torment {unknown}
 f - 3 scrolls of brand weapon
 m - 11 scrolls of identify
 B - 2 scrolls of enchant weapon
 D - 2 scrolls of magic mapping
 E - a scroll of amnesia
 R - a scroll of fog
Potions
 a - 3 potions of might
 g - a potion of resistance
 k - a potion of brilliance
 p - a potion of ambrosia
 t - 4 potions of haste
 u - a potion of attraction
 z - 12 potions of degeneration
 F - a potion of invisibility
 J - a potion of lignification
 O - a potion of flight
Miscellaneous
 I - a condenser vane (inert)
 L - a phial of floods
 M - a box of beasts


   Skills:
 + Level 9.3 Fighting
 - Level 5.0 Dodging
 - Level 2.4 Stealth
 - Level 4.0 Shields
 + Level 15.1 Spellcasting
 * Level 18.0 Conjurations
 - Level 1.1 Transmutations
 - Level 5.0 Air Magic
 - Level 9.4 Earth Magic


You had 27 spell levels left.
You knew the following spells:

 Your Spells              Type           Power      Damage    Failure   Level
a - Sandblast             Erth           100%       2d20      0%          1
b - Stone Arrow           Conj/Erth      100%       3d13      0%          3
c - Lightning Bolt        Conj/Air       35%        1d53      1%          5
d - Orb of Destruction    Conj           43%        9d12      1%          7

Your spell library contained the following spells:

 Spells                   Type           Power      Damage    Failure   Level
 Frozen Ramparts          Ice            40%        1d6       1%          3
 Magic Dart               Conj           100%       1d8       0%          1
 Call Imp                 Summ           20%        N/A       1%          2
 Passwall                 Tmut/Erth      40%        N/A       1%          2
 Conjure Flame            Conj/Fire      62%        6-21      1%          3
 Dazzling Flash           Conj/Hex       100%       N/A       1%          3
 Ignite Poison            Fire/Tmut/Pois 22%        N/A       1%          3
 Mephitic Cloud           Conj/Pois/Air  58%        N/A       1%          3
 Airstrike                Air            23%        N/A       1%          4
 Petrify                  Tmut/Erth      48%        N/A       1%          4
 Sticky Flame             Conj/Fire      62%        2d8       1%          4
 Summon Guardian Golem    Hex/Summ       20%        N/A       4%          3
 Summon Lightning Spire   Summ/Air       34%        N/A       4%          4
 Spellforged Servitor     Conj/Summ      31%        N/A       9%          7
 Silence                  Hex/Air        17%        N/A       16%         5
 Agony                    Necr           20%        N/A       41%         5


Dungeon Overview and Level Annotations

Branches:
Dungeon (11/15)            Temple (1/1) D:7            Lair (6/6) D:9
  Swamp (0/4) Lair:3        Snake (0/4) Lair:3        Slime (0/5) Lair:5
    Orc (0/2) D:10         Bailey (visited)

Altars:
Ashenzari
Cheibriados
Dithmenos
Elyvilon
Fedhas
Gozag
Hepliaklqana
Kikubaaqudgha
Makhleb
Nemelex Xobeh
Okawaru
Qazlal
Ru
Sif Muna
Trog
Uskayaw
Vehumet
Wu Jian
Xom
Yredelemnul
Zin
The Shining One
Jiyva

Shops:
D:1 [

Portals:
Hell: Lair:6

Annotations:
D:9 2 transporters, mistmaker's ghost, novice TeAE
Lair:6 busta's ghost, journeyman DsGl


Innate Abilities, Weirdness & Mutations

Your spells are a little easier to cast, but a little less powerful.


Message History

Press: ? - help, Shift-Dir - straight line, f/p - +7 executioner's axe "Xigh" {chaos, rElec rC+ Str+3 Int+4}
Aim: a +7 executioner's axe "Xigh" {chaos, rElec rC+ Str+3 Int+4} (61% to hit)
The stone arrow hits the +7 executioner's axe "Xigh" {chaos, rElec rC+ Str+3 Int+4} but does no damage.
You block busta's ghost's attack.
You block the +7 executioner's axe "Xigh" {chaos, rElec rC+ Str+3 Int+4}'s attack.
Casting: Stone Arrow (safe; 0% risk of failure)
Confirm with . or Enter, or press ? or * to list all spells.
Aiming: Stone Arrow (safe; 0% risk of failure)
Press: ? - help, Shift-Dir - straight line, f/p - +7 executioner's axe "Xigh" {chaos, rElec rC+ Str+3 Int+4}
Aim: a +7 executioner's axe "Xigh" {chaos, rElec rC+ Str+3 Int+4} (61% to hit)
The stone arrow hits the +7 executioner's axe "Xigh" {chaos, rElec rC+ Str+3 Int+4}!!
The +7 executioner's axe "Xigh" {chaos, rElec rC+ Str+3 Int+4} is severely damaged.
Busta's ghost closely misses you.
The +7 executioner's axe "Xigh" {chaos, rElec rC+ Str+3 Int+4} hits you!!!
You are poisoned.
Press: ? - help, v - describe, . - travel
Here: a +7 executioner's axe "Xigh" {chaos, rElec rC+ Str+3 Int+4} (severely damaged)
The floor, spattered with blood.
Unknown command.
Casting: Stone Arrow (safe; 0% risk of failure)
Confirm with . or Enter, or press ? or * to list all spells.
Aiming: Stone Arrow (safe; 0% risk of failure)
Press: ? - help, Shift-Dir - straight line, f/p - +7 executioner's axe "Xigh" {chaos, rElec rC+ Str+3 Int+4}
Aim: a +7 executioner's axe "Xigh" {chaos, rElec rC+ Str+3 Int+4} (severely damaged, 61% to hit)
The stone arrow hits the +7 executioner's axe "Xigh" {chaos, rElec rC+ Str+3 Int+4}!
The +7 executioner's axe "Xigh" {chaos, rElec rC+ Str+3 Int+4} is almost destroyed.
You feel very sick. Busta's ghost hits you. Busta's ghost burns you.
The +7 executioner's axe "Xigh" {chaos, rElec rC+ Str+3 Int+4} hits you!!
* * * LOW HITPOINT WARNING * * *
As you read the scroll of teleportation, it crumbles to dust.
You feel strangely unstable.
* * * LOW HITPOINT WARNING * * *
You feel very sick. Busta's ghost closely misses you.
You block the +7 executioner's axe "Xigh" {chaos, rElec rC+ Str+3 Int+4}'s attack.
You feel better. Busta's ghost closely misses you.
The +7 executioner's axe "Xigh" {chaos, rElec rC+ Str+3 Int+4} hits you!!!
Ouch! That really hurt!
You die...

...............###...............
.........#....##.##..............
.........#....#[_[#..............
........##.#..##'##..............
........#..#..[................P.
.................................
...........)..................P..
................(W.......#..#...P
##P.........P..P@..P.......#.#...
##...............................
##.....................P........
##..........................<..
#P.........................÷..
##.....................P......
###.................PP.......
#..........................#
##.#####............#.....##


You could see a +7 executioner's axe "Xigh" {chaos, rElec rC+ Str+3 Int+4} and
busta's ghost.

Vanquished Creatures
  A dire elephant (Lair:6)
  4 boulder beetles
  A catoblepas (Lair:6)
  7 hydras
  4 two-headed ogres
  17 death yaks
  A lindwurm (Lair:4)
  A wizard (Lair:6)
  An oklob plant (Lair:3)
  6 elephants
  A guardian serpent (Lair:3)
  2 black mambas (Lair:6)
  15 cane toads
  A smoke demon (Lair:6)
  A gargoyle (D:10)
  A torpor snail (Lair:6)
  2 rime drakes (Lair:6)
  5 komodo dragons
  An unseen horror (D:10)
  2 ice devils (Lair:6)
  3 red devils (Lair:6)
  2 trolls (D:10)
  4 polar bears
  Prince Ribbit (Lair:1)
  A hornet (D:5)
  4 dream sheep (Lair:4)
  18 blink frogs
  A shadow (D:9)
  Eustachio (D:6)
  34 yaks
  2 wyverns
  9 basilisks
  4 steam dragons
  16 water moccasins
  An acid dragon (D:6)
  3 nagas (Lair:3)
  5 hell hounds (Lair:6)
  Pargi (D:4)
  A swamp drake (D:10)
  Duvessa (D:7)
  A black bear (D:7)
  A sky beast (D:6)
  An ice beast (D:8)
  7 orc warriors
  5 necrophages
  An ogre (D:6)
  14 wolves
  3 centaurs
  A phantom (D:6)
  4 kobold brigands
  A scorpion (D:6)
  10 bullfrogs
  10 gnoll sergeants
  Dowan (D:7)
  A water moccasin skeleton (D:5)
  10 killer bees
  3 wights (D:9)
  A vampire bat (Lair:5)
  A howler monkey (D:8)
  11 electric eels
  A crimson imp (D:5)
  3 centaur zombies
  A bullfrog zombie (D:5)
  5 orc priests
  3 hounds
  6 gnoll shamans
  2 bullfrog skeletons
  A centaur skeleton (D:5)
  An iguana (D:7)
  Terence (D:2)
  Ijyb (D:3)
  12 orc wizards
  A killer bee zombie (D:5)
  5 adders
  16 gnolls
  3 shadow imps
  2 white imps
  4 dart slugs
  44 orcs
  7 endoplasms
  7 giant cockroaches
  4 goblins
  13 hobgoblins
  2 jackals (D:4)
  16 kobolds
  5 quokkas
  11 ball pythons
  11 bats
  2 frilled lizards (D:1)
  11 rats
474 creatures vanquished.

Vanquished Creatures (others)
  39 fungi
  37 plants
76 creatures vanquished.

Grand Total: 550 creatures vanquished

Notes
Turn   | Place    | Note
-------+----------+-------------------------------------------
     0 | D:1      | Elsvaer the Deep Elf Earth Elementalist began the quest for
                  | the Orb.
     0 | D:1      | Reached XP level 1. HP: 10/10 MP: 6/6
   206 | D:1      | Reached XP level 2. HP: 15/15 MP: 4/8
   306 | D:1      | Found Joeguu's Armour Shop.
   675 | D:1      | Found a faded altar of an unknown god.
   679 | D:1      | Reached XP level 3. HP: 19/19 MP: 7/9
   683 | D:1      | Learned a level 3 spell: Stone Arrow
  1221 | D:2      | Reached skill level 1 in Conjurations
  1568 | D:2      | Reached skill level 2 in Conjurations
  2047 | D:2      | Reached XP level 4. HP: 24/24 MP: 8/10
  2105 | D:2      | Noticed Terence
  2112 | D:2      | Killed Terence
  2113 | D:2      | Reached skill level 3 in Conjurations
  2500 | D:2      | You fall into a shaft and drop 1 floor!
  2606 | D:3      | Noticed Ijyb
  2614 | D:3      | Killed Ijyb
  2615 | D:3      | Reached skill level 4 in Conjurations
  2615 | D:3      | Reached XP level 5. HP: 12/28 MP: 1/11
  4433 | D:4      | Noticed Pargi
  4440 | D:4      | Killed Pargi
  4441 | D:4      | Reached skill level 5 in Conjurations
  4441 | D:4      | Reached skill level 5 in Earth Magic
  4441 | D:4      | Reached XP level 6. HP: 32/32 MP: 5/12
  4915 | D:4      | Reached skill level 6 in Conjurations
  5134 | D:4      | Reached XP level 7. HP: 36/36 MP: 1/13
  6042 | D:5      | Entered Level 5 of the Dungeon
  6052 | D:5      | Identified a scroll of acquirement
  6052 | D:5      | Acquired the ring of Hocicrol {rF- rC++ AC+4 Slay+4 SInv}
  6157 | D:5      | Reached skill level 7 in Conjurations
  6625 | D:5      | Reached XP level 8. HP: 41/41 MP: 9/14
  6669 | D:5      | Noticed a hornet
  6674 | D:5      | Paralysed by a hornet for 2 turns
  6686 | D:5      | Killed a hornet
  7024 | D:5      | Reached skill level 8 in Conjurations
  7501 | D:6      | Reached skill level 9 in Conjurations
  7685 | D:6      | Reached XP level 9. HP: 36/45 MP: 12/15
  7687 | D:6      | Identified the +9 hand axe "Akoi" {protect, Str-2 Int+9
                  | Dex+2}
  8171 | D:6      | Noticed Eustachio
  8202 | D:6      | Killed Eustachio
  8203 | D:6      | Reached skill level 1 in Fighting
  8801 | D:7      | Reached skill level 5 in Spellcasting
  8948 | D:7      | Noticed Dowan
  8952 | D:7      | Noticed Duvessa
  8953 | D:7      | Killed Dowan
  8958 | D:7      | Killed Duvessa
  8976 | D:7      | Noticed a two-headed ogre
  9002 | D:7      | Killed a two-headed ogre
  9112 | D:7      | Reached skill level 5 in Dodging
  9268 | D:7      | Learned a level 5 spell: Lightning Bolt
  9276 | D:7      | Learned a level 7 spell: Orb of Destruction
  9279 | D:7      | Found a staircase to the Ecumenical Temple.
  9830 | D:8      | Reached skill level 1 in Air Magic
 10020 | D:8      | Reached XP level 10. HP: 56/56 MP: 16/23
 10030 | D:8      | Reached skill level 1 in Shields
 10372 | D:8      | Reached skill level 10 in Conjurations
 11341 | D:9      | Identified the +4 halberd of the Shoals {drain, rPois rF+
                  | Dex+4}
 11405 | D:9      | Found a flagged portal.
 11425 | Bailey   | Entered a bailey
 12020 | Bailey   | Reached skill level 11 in Conjurations
 12058 | Bailey   | Identified the ring of Ixare {Fly Will- Str+6}
 13294 | D:9      | Reached XP level 11. HP: 40/62 MP: 19/26
 13660 | D:9      | Found a staircase to the Lair.
 13847 | D:9      | Noticed mistmaker's ghost (novice TeAE)
 13848 | D:9      | Found a transporter.
 14049 | D:9      | Noticed a two-headed ogre
 14055 | D:9      | Killed a two-headed ogre
 14186 | D:9      | Found a glowing golden altar of the Shining One.
 14186 | D:9      | Found an ornate altar of the Wu Jian Council.
 14186 | D:9      | Found an ancient bone altar of Kikubaaqudgha.
 14186 | D:9      | Found a burning altar of Makhleb.
 14335 | Temple   | Entered the Ecumenical Temple
 14414 | Temple   | Became a worshipper of Vehumet
 14525 | D:10     | Entered Level 10 of the Dungeon
 14574 | D:9      | Found a transporter.
 15112 | D:10     | Found a staircase to the Orcish Mines.
 15325 | D:10     | Noticed a two-headed ogre
 15333 | D:10     | Killed a two-headed ogre
 15344 | D:10     | Reached skill level 12 in Conjurations
 15809 | D:10     | Reached * piety under Vehumet
 15809 | D:10     | Offered knowledge of Foxfire by Vehumet.
 15971 | D:10     | Reached skill level 5 in Fighting
 16152 | D:10     | Noticed a two-headed ogre
 16158 | D:10     | Killed a two-headed ogre
 16159 | D:10     | Reached skill level 10 in Spellcasting
 16730 | D:11     | Noticed a four-headed hydra
 16736 | D:11     | Killed a four-headed hydra
 17181 | D:11     | Reached skill level 5 in Air Magic
 17911 | Lair:1   | Entered Level 1 of the Lair of Beasts
 17922 | Lair:1   | Noticed Prince Ribbit
 17952 | Lair:1   | Found a hide-covered altar of Uskayaw.
 17952 | Lair:1   | Found an ornate altar of the Wu Jian Council.
 17952 | Lair:1   | Noticed a boulder beetle
 18322 | Lair:1   | Killed a boulder beetle
 18323 | Lair:1   | Reached skill level 13 in Conjurations
 18434 | Lair:1   | You fall into a shaft and drop 1 floor!
 18440 | Lair:2   | Reached XP level 12. HP: 69/69 MP: 16/28
 18687 | Lair:2   | Found a dark tunnel.
 18909 | Lair:1   | Noticed a four-headed hydra
 18921 | Lair:1   | Killed a four-headed hydra
 19258 | Lair:1   | Killed Prince Ribbit
 19994 | Lair:2   | Reached skill level 14 in Conjurations
 20346 | Lair:2   | Reached ** piety under Vehumet
 20346 | Lair:2   | Offered knowledge of Shock by Vehumet.
 20448 | Lair:2   | Identified the +10 dagger of Guysaa {drain, rC++}
 20943 | Lair:3   | Noticed a five-headed hydra
 20947 | Lair:3   | Killed a five-headed hydra
 21013 | Lair:3   | Found a staircase to the Swamp.
 21024 | Lair:3   | Found a staircase to the Snake Pit.
 22146 | Lair:3   | Noticed a five-headed hydra
 22154 | Lair:3   | Killed a five-headed hydra
 22338 | Lair:3   | Noticed a boulder beetle
 22349 | Lair:3   | Killed a boulder beetle
 22350 | Lair:3   | Reached skill level 15 in Conjurations
 22583 | Lair:3   | Found the +3 pair of seven-league boots {Rampage+∞}
 23439 | Lair:4   | Noticed a death yak
 23439 | Lair:4   | Noticed a death yak
 23441 | Lair:4   | Noticed a death yak
 23443 | Lair:4   | Noticed a death yak
 23443 | Lair:4   | Noticed a death yak
 23445 | Lair:4   | Noticed a death yak
 23447 | Lair:4   | Killed a death yak
 23449 | Lair:4   | Killed a death yak
 23450 | Lair:4   | Reached XP level 13. HP: 76/76 MP: 11/31
 23788 | Lair:4   | Offered knowledge of Poisonous Vapours by Vehumet.
 24439 | Lair:4   | Reached *** piety under Vehumet
 25232 | Lair:4   | Gained mutation: You are frail. (-10% HP) [potion of
                  | mutation]
 25274 | Lair:4   | Reached skill level 16 in Conjurations
 26032 | Lair:5   | Offered knowledge of Fulminant Prism by Vehumet.
 26442 | Lair:5   | Found a viscous altar of Jiyva.
 26442 | Lair:5   | Found a staircase to the Slime Pits.
 27111 | Lair:6   | Entered Level 6 of the Lair of Beasts
 27326 | Lair:6   | HP: 1/71 [poisoned by a cane toad]
 27736 | Lair:5   | Reached **** piety under Vehumet
 28020 | Lair:5   | Reached skill level 17 in Conjurations
 28611 | Lair:5   | Reached XP level 14. HP: 75/75 MP: 15/34
 29083 | Lair:6   | Lost mutation: You are frail. (-10% HP) [potion of
                  | mutation]
 29083 | Lair:6   | Gained mutation: Your spells are a little easier to cast,
                  | but a little less powerful. [potion of mutation]
 29376 | Lair:6   | Offered knowledge of Frozen Ramparts by Vehumet.
 29677 | Lair:6   | Found a burning altar of Makhleb.
 30021 | Lair:6   | Found a runed translucent door.
 30021 | Lair:6   | Found a shimmering altar of Xom.
 30021 | Lair:6   | Identified the +7 executioner's axe "Xigh" {chaos, rElec
                  | rC+ Str+3 Int+4}
 30023 | Lair:6   | Noticed busta's ghost (journeyman DsGl)
 30102 | Lair:6   | Reached skill level 15 in Spellcasting
 30669 | Lair:6   | Reached skill level 18 in Conjurations
 30972 | Lair:6   | Found a gateway to Hell.
 30979 | Lair:6   | Identified the ring of Sovereignty {rC+ Str+6 Int-3 Dex+4
                  | Slay+5}
 31046 | Lair:6   | Annihilated by a +7 executioner's axe "Xigh" {chaos, rElec
                  | rC+ Str+3 Int+4}

Illustrated notes

Levels and vault maps discovered:
D:1:      grunt_arrival_lava_bath, layout_basic, serial_shops,
          nicolae_shop_hallway_plus,
          dreamdust_ecumenical_altar_angels_and_demons
D:2:      layout_basic, uniq_terence
D:3:      layout_basic, uniq_ijyb
D:4:      layout_cave_pods, skrybe_limestone_x, st_stairs_5,
          kennysheep_decorative_pillar, minmay_misc_feat_x,
          minmay_misc_feat_rows, uniq_pargi
D:5:      layout_basic, portal_sewer_entry_a, minmay_misc_feat_diagonals,
          minmay_fire_ice_demons
D:6:      layout_rooms, kennysheep_donut, minmay_starry_boxes, uniq_eustachio
D:7:      layout_basic, minmay_temple_entry_ruins, uniq_duvessa
D:8:      layout_loops_ring
D:9:      layout_basic, grunt_temple_overflow_cloverleaf, lair_entry_dummy,
          gammafunk_ghost_arena, enter_bailey_2
D:10:     layout_stronghold, erik_orc_1
D:11:     layout_cave_pods, serial_column_ruins, column_ruins_columns_corner,
          column_ruins_corridor_straight, column_ruins_open_tiny
Temple:   compressed_dpeg_circular_temple
Lair:1:   layout_roguey, nzn_masters_of_martial_movement, uniq_prince_ribbit2
Lair:2:   layout_cave_pods, nicolae_volcano_entry_hallway,
          grunt_forest_small_clearing_treed
Lair:3:   layout_loops_ring, swamp_mist, minmay_snake_entry_guardpost_small,
          minmay_lair_oklob_items, hellmonk_guarded_unrand_seven_league_boots
Lair:4:   layout_cellular_growth, disabler_island
Lair:5:   layout_regular_city, dpeg_slime_entry_enclosed_altar, roderic_batcave,
          lemuel_fruit_fields
Lair:6:   evil_forest, layout_cave_shapes, ebering_ghost_xom,
          kennysheep_basilisk_garden

Skill      XL: |  1  2  3  4  5  6  7  8  9 10 11 12 13 14 |
---------------+-------------------------------------------+-----
Earth Magic    | 4 5 6 7 9 |  9.4
Conjurations   | 2 4 5 6 7 9 11 13 15 17 18 | 18.0
Dodging        | 5 |  5.0
Spellcasting   | 7 9 10 12 14 15 | 15.1
Fighting       | 3 4 5 7 8 9 |  9.3
Air Magic      | 1 3 5 |  5.0
Shields        | 2 4 |  4.0
Stealth        | |  2.4
Transmutations | |  1.1

Action                   |  1- 3 |  4- 6 |  7- 9 | 10-12 | 13-15 || total
-------------------------+-------+-------+-------+-------+-------++-------
Melee: Unarmed           |     6 |       |       |       |       ||     6
       Morningstar       |    17 |    37 |    19 |       |       ||    73
       Hand axe          |       |       |    20 |   103 |    27 ||   150
       Punch             |       |       |       |     1 |       ||     1
 Cast: Sandblast         |    37 |    55 |    93 |    10 |       ||   195
       Stone Arrow       |     3 |    18 |    50 |   352 |   185 ||   608
       Lightning Bolt    |       |       |       |     8 |    26 ||    34
       Orb of Destructio |       |       |       |     4 |    46 ||    50
Evoke: Phial of floods   |       |       |       |       |     1 ||     1
       Condenser vane    |       |       |       |       |     1 ||     1
  Use: Scroll            |     4 |     2 |     9 |    10 |    10 ||    35
       Potion            |       |       |     3 |       |     7 ||    10
 Stab: Sleeping          |     4 |     4 |       |     1 |       ||     9
Armor: Robe              |     4 |     4 |    29 |       |       ||    37
       Steam dragon scal |       |       |    19 |   115 |    49 ||   183
Dodge: Dodged            |    25 |    50 |    87 |   169 |   128 ||   459
Block: Buckler           |       |       |       |    55 |    69 ||   124
